Map: 星軌船廠

Players

FWHas (Has) - Winner!

  • Race: Protoss Protoss
  • League: Master

YouRush (JoJo)

  • Race: Zerg Zerg
  • League: Master

Event: 2016 WCS Winter Challenger Taiwan

VOD

Have the link to the VOD?

Description

Time

  • Played on: Jan. 8, 2016, 6:09 a.m.
  • Length: 9:07

All games in this series

Show
View Real Time Build Order
Export as new Build Order

FWHas Protoss - Winner!

Build Orders: Nexus First, Oracle Opening 

Get SALT Encoding   

  12  0:01  Probe (Chrono Boost)  
  13  0:12  Probe (Chrono Boost)  
  14  0:17  Pylon  
  14  0:22  Probe (Chrono Boost)  
  16  0:36  Probe (Chrono Boost)  
  16  0:46  Probe (Chrono Boost)  
  17  0:59  Nexus  
  17  1:10  Gateway  
  17  1:13  Probe (Chrono Boost)  
  18  1:23  Probe (Chrono Boost)  
  19  1:30  Assimilator  
  19  1:34  Probe (Chrono Boost)  
  19  1:35  Assimilator  
  20  1:44  Probe (Chrono Boost)  
  21  1:55  Probe (Chrono Boost)  
  21  1:57  Cybernetics Core  
  21  1:59  Gateway  
  22  2:08  Probe  
  23  2:11  Probe, Zealot (Chrono Boost)  
  26  2:20  Probe  
  27  2:22  Probe  
  27  2:27  Pylon  
  28  2:32  Probe, Warp Gate (Chrono Boost)  
  28  2:33  Probe  
  32  2:44  Probe, Mothership Core  
  32  2:49  Pylon  
  33  2:56  Adept x2 (Chrono Boost)  
  37  2:59  Probe  
  38  3:07  Probe  
  38  3:08  Stargate  
  38  3:11  Probe  
  40  3:19  Probe, Pylon  
  41  3:24  Probe  
  42  3:31  Gateway  
  42  3:32  Probe, Sentry  
  43  3:36  Probe  
  46  3:42  Assimilator  
  46  3:44  Probe  
  46  3:45  Assimilator  
  47  3:48  Probe  
  48  3:56  Probe, Oracle (Chrono Boost)  
  48  4:00  Probe  
  51  4:08  Probe  
  50  4:12  Probe  
  50  4:16  Twilight Council  
  51  4:20  Probe  
  50  4:24  Probe  
  50  4:26  Pylon  
  50  4:30  Sentry  
  53  4:32  Nexus  
  53  4:34  Pylon  
  53  4:36  Probe  
  53  4:37  Pylon  
  54  4:52  Probe x2  
  56  4:53  Adept  
  57  5:01  Adept x2  
  57  5:04  Probe, Pylon  
  57  5:06  Probe  
  63  5:07  Pylon  
  63  5:09  Resonating Glaives (Chrono Boost)  
  63  5:16  Probe  
  63  5:18  Probe  
  65  5:22  Adept x2  
  65  5:23  Adept  
  65  5:27  Gateway  
  71  5:28  Probe  
  71  5:29  Gateway  
  71  5:31  Probe  
  67  5:41  Probe  
  68  5:43  Probe, Adept x3  
  68  5:44  Probe  
  76  5:51  Gateway  
  76  5:52  Gateway  
  76  5:53  Probe  
  76  5:56  Probe x2  
  79  6:06  Probe x2, Assimilator  
  79  6:09  Probe  
  82  6:17  Probe  
  82  6:18  Probe  
  83  6:21  Probe  
  83  6:25  Adept x3  
  91  6:27  Probe  
  91  6:30  Probe  
  91  6:31  Assimilator  
  91  6:33  Probe  
  91  6:38  Probe  
  93  6:42  Probe  
  93  6:45  Probe  
  93  6:46  Adept x3  
  97  6:48  Probe  
  98  6:58  Gateway  
  98  7:01  Gateway  
  98  7:03  Gateway  
  98  7:05  Pylon  
  98  7:06  Blink (Chrono Boost)  
  98  7:07  Pylon  
  98  7:09  Adept  
  98  7:11  Probe  
  101  7:24  Pylon  
  101  7:25  Pylon, Adept x5  
  111  7:30  Adept x2  
  111  7:35  Pylon  
  111  7:36  Pylon  
  115  7:41  Robotics Facility  
  115  7:42  Pylon  
  115  7:44  Forge  
  115  7:47  Adept x5  
  125  8:08  Stalker x3  
  125  8:09  Stalker x5  
  125  8:10  Stalker x2  
  125  8:12  Pylon  
  145  8:28  Probe  
  145  8:32  Pylon  
  140  8:41  Stalker  
  140  8:42  Stalker x7  
  140  8:43  Stalker x2  
Show
View Real Time Build Order
Export as new Build Order

YouRush Zerg 

Build Orders: Pool First 

Get SALT Encoding   

  12  0:00  Drone  
  13  0:08  Drone  
  14  0:17  Overlord  
  14  0:35  Drone  
  14  0:36  Drone x2  
  17  0:46  Spawning Pool, Drone  
  17  0:58  Drone  
  18  1:17  Hatchery  
  17  1:25  Drone  
  18  1:26  Overlord  
  18  1:34  Queen  
  18  1:35  Zergling x2  
  21  1:48  Drone  
  22  1:58  Hatchery  
  21  2:02  Drone  
  21  2:03  Drone  
  23  2:13  Queen  
  25  2:16  Drone  
  26  2:23  Drone  
  27  2:33  Drone  
  27  2:37  Drone  
  27  2:43  Drone x3  
  31  2:44  Drone  
  31  2:48  Drone  
  31  2:51  Extractor  
  32  2:52  Drone, Extractor  
  33  2:58  Drone  
  33  3:02  Overlord  
  33  3:09  Drone  
  34  3:15  Drone  
  34  3:16  Drone x3  
  34  3:17  Drone, Queen  
  41  3:24  Drone x2  
  41  3:25  Drone x2  
  45  3:27  Drone  
  45  3:29  Drone  
  47  3:35  Metabolic Boost  
  47  3:40  Zergling x2  
  47  3:41  Zergling x4  
  50  3:44  Overlord  
  50  3:53  Zergling x2  
  50  3:54  Zergling x4  
  47  4:06  Zergling x14  
  52  4:13  Drone  
  52  4:14  Queen  
  52  4:15  Drone  
  54  4:17  Overlord  
  54  4:28  Drone x4  
  54  4:29  Overlord  
  54  4:30  Lair  
  58  4:33  Overlord  
  58  4:42  Spore Crawler  
  58  4:44  Spore Crawler  
  53  4:47  Spore Crawler  
  48  4:57  Zergling x14  
  48  4:58  Zergling x2  
  53  5:00  Drone  
  53  5:03  Drone  
  53  5:06  Drone  
  56  5:13  Drone  
  56  5:14  Drone x3  
  59  5:19  Drone  
  57  5:21  Drone  
  57  5:28  Drone x3  
  58  5:35  Drone x2  
  57  5:36  Drone x2  
  59  5:43  Drone  
  59  5:44  Drone x3  
  59  5:46  Drone x2  
  65  5:50  Roach Warren  
  65  5:53  Overseer  
  64  5:58  Drone  
  64  5:59  Drone x2  
  64  6:02  Drone x2, Extractor x2  
  67  6:11  Evolution Chamber  
  66  6:16  Evolution Chamber  
  60  6:20  Drone x7  
  67  6:31  Glial Reconstitution  
  65  6:35  Roach x4  
  65  6:38  Extractor  
  68  6:43  Drone x3  
  68  6:44  Drone  
  68  6:45  Drone x3  
  72  6:49  Zerg Melee Weapons Level 1  
  72  6:50  Zerg Missile Weapons Level 1  
  72  7:05  Ravager x3  
  69  7:09  Roach x2  
  69  7:10  Overlord x2, Zergling x2  
  69  7:11  Overlord  
  74  7:16  Overlord x2  
  74  7:30  Roach  
  74  7:31  Roach x7  
  74  7:32  Roach  
  92  7:40  Ravager x2  
  92  7:41  Ravager  
  95  7:46  Roach x5  
  95  7:47  Zergling x4  
  95  7:48  Zergling x2  
  108  7:55  Roach  
  108  7:56  Overlord, Roach x2  
  113  7:59  Overseer  
  113  8:09  Overlord x2  
  113  8:17  Zergling x16  
  121  8:20  Overlord x2  
  119  8:41  Zergling x2  
  119  8:42  Zergling x18  
  119  8:45  Hatchery  
  107  8:48  Zergling x2  
  107  8:49  Zergling x6  
Tags
 
Add a new tag
Caveats
  • Supply blocks, unpowered buildings, or Contaminate may cause inaccurate times.
  • Supply counts are checked every 10 seconds.